 Dungeon Crawl Stone Soup version 0.21-a0-39-g28ea6b7 (webtiles) character file.

2195 KristoblXynda the Summoner (level 9, -2/48 HPs)
             Began as a Tengu Summoner on May 30, 2017.
             Was a Follower of Sif Muna.
             Slain by a troll (17 damage)
             ... on level 7 of the Dungeon.
             The game lasted 00:37:54 (9472 turns).

KristoblXynda the Summoner (Tengu Summoner)         Turns: 9472, Time: 00:37:55

Health: -2/48      AC:  7    Str:  8    XL:     9   Next: 34%
Magic:  8/17       EV: 13    Int: 19    God:    Sif Muna [*.....]
Gold:   413        SH:  0    Dex: 15    Spells: 9/18 levels left

rFire    + . .     SeeInvis .   B - -2 spear (curse)
rCold    . . .     Gourm    .   (no shield)
rNeg     . . .     Faith    .   o - +1 robe
rPois    .         Spirit   .   (helmet restricted)
rElec    .         Reflect  .   g - +0 cloak
rCorr    .         Harm     .   p - +2 pair of gloves
MR       .....                  (boots unavailable)
Stlth    ++++......             (no amulet)
Regen    0.2/turn               t - ring of protection from fire
MPRegen  0.2/turn               y - +5 ring of slaying

@: no status effects
A: beak, talons 3, able to fly 1
a: Fly, Divine Energy, Renounce Religion


You were on level 7 of the Dungeon.
You worshipped Sif Muna.
Sif Muna was aware of your devotion.
You were not hungry.

You visited 2 branches of the dungeon, and saw 8 of its levels.
You also visited: Ossuary.

You collected 503 gold pieces.
You spent 90 gold pieces at shops.

Inventory:

Hand Weapons
 l - a +2 quarterstaff of chaos
 x - a +2 dagger of venom
 B - a cursed -2 spear (weapon)
Missiles
 s - 6 javelins of penetration (quivered)
 z - 7 tomahawks of dispersal
Armour
 e - a +0 buckler
 g - a +0 cloak (worn)
 o - a +1 robe (worn)
 p - a +2 pair of gloves (worn)
Jewellery
 t - a ring of protection from fire (left hand)
 y - a +5 ring of slaying (right hand)
Wands
 C - a wand of disintegration (15/24)
Scrolls
 n - a scroll of vulnerability
 q - a scroll of recharging
 r - 3 scrolls of teleportation
 u - a scroll of magic mapping
 v - a scroll of enchant armour
Potions
 a - a potion of cancellation {unknown}
 d - 2 potions of heal wounds
 f - a potion of agility {unknown}
 h - 4 potions of lignification
 i - 3 potions of mutation {unknown}
 j - a potion of brilliance {unknown}
 k - a potion of curing
 m - 2 potions of might {unknown}
 E - a potion of haste {unknown}
Books
 b - a book of Callings

   Spells                             Type                      Level
   a - Summon Small Mammal            Summoning                    1
   b - Call Imp                       Summoning                    2
   c - Call Canine Familiar           Summoning                    3
   d - Summon Guardian Golem          Hexes/Summoning              3
   e - Summon Lightning Spire         Summoning/Air                4
   f - Summon Ice Beast               Ice/Summoning                4
Comestibles
 c - 4 bread rations
 w - 3 royal jellies
 A - 2 meat rations


   Skills:
 - Level 2.0 Fighting
 - Level 1.4 Short Blades
 - Level 2.7 Throwing
 - Level 2.1 Dodging
 + Level 7.1 Stealth
 - Level 5.3 Spellcasting
 + Level 8.8 Summonings
 + Level 4.9 Air Magic
 + Level 1.9 Invocations


You had 9 spell levels left.
You knew the following spells:

 Your Spells              Type           Power        Failure   Level  Hunger
a - Summon Guardian Gole  Hex/Summ       ###.....     6%          3    ##.....
b - Call Imp              Summ           #####...     1%          2    None
c - Summon Lightning Spi  Summ/Air       ####....     7%          4    ####...


Dungeon Overview and Level Annotations

Branches:
Dungeon (7/15)             Temple (1/1) D:5

Altars:
Ashenzari
Cheibriados
Dithmenos
Elyvilon
Fedhas
Gozag
Hepliaklqana
Kikubaaqudgha
Makhleb
Nemelex Xobeh
Okawaru
Qazlal
Ru
Sif Muna
Trog
Uskayaw
Vehumet
Wu Jian
Xom
Yredelemnul
Zin
The Shining One

Shops:
D:4 %[}

Annotations:
D:3 StylePro's ghost, amateur DDFi
D:4 Edmund


Innate Abilities, Weirdness & Mutations

You have a beak for a mouth.
You have claws for feet.
You can fly.


Message History

The troll is moderately wounded.
The troll closely misses you. The troll claws you. The troll misses you.
Unknown command.
You puncture the troll! You claw the troll! Your peck misses the troll.
The troll is severely wounded.
The troll misses you. The troll barely misses you.
The troll claws you but does no damage.
You hit the troll.
The troll is almost dead.
The troll bites you! The troll claws you. x2
* * * LOW HITPOINT WARNING * * *
Unknown command.
The troll misses you. The troll barely misses you.
The troll closely misses you.
Casting: Summon Guardian Golem
Confirm with . or Enter, or press ? or * to list all spells.
A guardian golem appears, shielding your allies.
Your guardian golem disappears in a puff of smoke!
The troll bites you!
You die...

###### ## ######....## ### .#
#...8..#ยง##.###.# # ##
#..#####.# #..#.## # ##.#
##T####....## # .# #8##
#@8.....#...### # .#
##.###.......#..#..#### .#
##....#####.###..#..##. ##.#
#..##.## ##.# #..##...# #..##
##..##..###<.# #...##.## ....###
#..###...#...####..#..#
......####..# #...............##
..##.......###..##............#
..#####....##..####...##.....#.#


You could see a troll and a friendly guardian golem.

Vanquished Creatures
  The ghost of theAP the Cudgeler, a novice GrFi (D:6)
  An ice beast (D:6)
  An ogre (D:5)
  A centaur (D:7)
  An elf zombie (Ossuary)
  2 big kobolds (D:6)
  A water moccasin skeleton (D:7)
  A howler monkey (D:7)
  2 hounds (D:6)
  Crazy Yiuf (D:3)
  A human zombie (Ossuary)
  An orc wizard (D:6)
  A worker ant (D:6)
  A hound zombie (D:7)
  3 mummies (Ossuary)
  A worker ant zombie (D:6)
  Robin (D:3)
  A howler monkey skeleton (D:5)
  3 adders
  2 gnolls
  A shadow imp (D:5)
  An ooze (D:3)
  A worm zombie (D:5)
  An adder skeleton (D:4)
  3 worms
  4 dart slugs
  3 leopard geckos
  6 orcs
  2 ball pythons
  7 bats
  6 giant cockroaches
  11 goblins
  7 hobgoblins
  8 jackals
  8 kobolds
  4 quokkas
  4 frilled lizards
  2 goblin zombies (Ossuary)
  An orc zombie (Ossuary)
  A quokka skeleton (D:7)
  4 rats
112 creatures vanquished.

Vanquished Creatures (collateral kills)
  The ghost of anet the Magician, a novice DEWz (D:4)
  Sigmund (D:4)
  Eustachio (D:4)
  A water moccasin (D:5)
  An orc warrior (D:6)
  2 phantoms (D:5)
  An ogre (D:7)
  A bullfrog (D:5)
  A gnoll sergeant (D:7)
  3 howler monkeys (D:7)
  A crimson imp (D:5)
  3 orc priests
  A hound (D:7)
  2 jellies (D:5)
  2 orc wizards (D:4)
  Terence (D:3)
  A mummy (Ossuary)
  4 gnolls (D:7)
  An adder (D:2)
  An adder zombie (Ossuary)
  An adder skeleton (D:4)
  A worm (D:2)
  A leopard gecko (D:6)
  7 orcs
  A giant cockroach (D:4)
  2 goblins
  4 hobgoblins
  2 quokkas
  3 frilled lizards
  A goblin zombie (Ossuary)
  A hobgoblin zombie (Ossuary)
  2 jackal zombies
  3 kobolds (D:1)
  A kobold zombie (Ossuary)
  An orc zombie (Ossuary)
  A rat (D:1)
62 creatures vanquished.

Vanquished Creatures (others)
  A hippogriff (D:7)
  An orc wizard (D:7)
  A hobgoblin zombie (Ossuary)
3 creatures vanquished.

Grand Total: 177 creatures vanquished

Notes
Turn   | Place    | Note
-------+----------+-------------------------------------------
     0 | D:1      | KristoblXynda the Tengu Summoner began the quest for the Orb.
     0 | D:1      | Reached XP level 1. HP: 10/10 MP: 4/4
   415 | D:1      | Reached skill level 5 in Summonings
   437 | D:1      | Reached XP level 2. HP: 16/16 MP: 6/6
   457 | D:1      | Learned a level 2 spell: Call Imp
   790 | D:1      | Reached skill level 1 in Fighting
  1021 | D:1      | Reached XP level 3. HP: 15/20 MP: 7/7
  1828 | D:2      | Reached XP level 4. HP: 26/26 MP: 8/8
  2413 | D:3      | Noticed StylePro's ghost (amateur DDFi)
  2448 | D:3      | Noticed Terence
  2454 | D:3      | Killed Terence
  2486 | D:3      | Found a sacrificial altar of Ru.
  2551 | D:3      | Found an opulent altar of Gozag.
  2656 | D:3      | Found a runed door.
  2660 | D:3      | Noticed Crazy Yiuf
  2675 | D:3      | Killed Crazy Yiuf
  2675 | D:3      | Gained mutation: You can fly. [Tengu growth]
  2675 | D:3      | Reached XP level 5. HP: 30/30 MP: 3/9
  2812 | D:3      | Found a faded altar of an unknown god.
  2943 | D:3      | Found a shimmering altar of Xom.
  3499 | D:3      | Found a sparkling altar of Nemelex Xobeh.
  3594 | D:3      | Noticed Robin
  3663 | D:3      | Killed Robin
  3673 | D:3      | Noticed an orc warrior
  3821 | D:4      | Noticed Eustachio
  3831 | D:4      | Found Ablacen's Gadget Emporium.
  3847 | D:4      | Noticed Sigmund
  3855 | D:4      | Killed Sigmund
  3855 | D:4      | Reached skill level 1 in Throwing
  3855 | D:4      | Reached skill level 6 in Summonings
  3855 | D:4      | Reached XP level 6. HP: 24/35 MP: 5/11
  3860 | D:4      | Killed Eustachio
  3865 | D:4      | Noticed anet's ghost (novice DEWz)
  3899 | D:4      | Killed anet's ghost
  3899 | D:4      | Reached XP level 7. HP: 9/40 MP: 3/13
  4229 | D:4      | Found a radiant altar of Vehumet.
  4295 | D:4      | Found Sebresye's Food Shop.
  4570 | D:4      | Noticed Edmund
  5082 | D:4      | Found Oruemmif's Antique Armour Emporium.
  5096 | D:4      | Bought a cloak for 90 gold pieces
  5300 | D:5      | Entered Level 5 of the Dungeon
  5322 | D:5      | Reached skill level 5 in Stealth
  5373 | D:5      | Reached skill level 7 in Summonings
  5425 | D:5      | Found a sand-covered staircase.
  5500 | D:5      | Reached skill level 1 in Short Blades
  5500 | D:5      | Reached XP level 8. HP: 26/44 MP: 5/15
  5523 | Ossuary  | Entered an ossuary
  5627 | Ossuary  | Learned a level 3 spell: Summon Guardian Golem
  5632 | Ossuary  | Learned a level 4 spell: Summon Lightning Spire
  5904 | Ossuary  | Reached skill level 1 in Air Magic
  6743 | D:5      | Found a staircase to the Ecumenical Temple.
  6756 | Temple   | Entered the Ecumenical Temple
  6916 | Temple   | Became a worshipper of Sif Muna the Loreminder
  7275 | D:6      | Noticed theAP's ghost (novice GrFi)
  7357 | D:6      | Killed theAP's ghost
  7357 | D:6      | Reached skill level 5 in Spellcasting
  7357 | D:6      | Reached skill level 8 in Summonings
  7710 | D:6      | Reached XP level 9. HP: 41/48 MP: 17/17
  7861 | D:6      | Found a hide-covered altar of Uskayaw.
  8293 | D:7      | Reached * piety under Sif Muna
  8303 | D:7      | Reached skill level 1 in Invocations
  9441 | D:7      | Noticed a troll
  9472 | D:7      | Slain by a troll

Vault maps used:
D:1:      mainiacjoe_arrival_reflecting_pool, st_stairs_6
D:2:      first_bread
D:3:      nicolae_ru_awakened_eye, chequers_temple_overflow_statue_of_worship,
          chequers_ecumenical_altar_simple_redux, corexii_shack,
          nicolae_gozag_cash_rules_everything_around_me,
          uniq_crazy_yiuf_cottage, uniq_robin, uniq_terence
D:4:      vehumet_crystals, serial_shops, kennysheep_little_box, shop_statue,
          nicolae_shop_trees, minmay_cut_off, uniq_sigmund, uniq_edmund,
          uniq_eustachio
D:5:      minmay_temple_entry_statues_pillars, enter_ossuary_3
D:6:      eat_drink_and_be_merry_uskayaw, minmay_unpleasant_kobolds
D:7:      minmay_misc_feat_room
Temple:   minmay_crystal_spiral_temple
Ossuary:  ossuary_minmay_tomb_2a

Skill      XL: |  1  2  3  4  5  6  7  8  9 |
---------------+----------------------------+-----
Summonings     | 5 6 7 8 |  8.8
Fighting       | 1 2 |  2.0
Stealth        | 3 4 5 6 7 |  7.1
Spellcasting   | 3 4 5 |  5.3
Throwing       | 1 2 |  2.7
Short Blades   | 1 |  1.4
Air Magic      | 4 |  4.9
Invocations    | 1 |  1.9
Dodging        | |  2.1

Action                   |  1- 3 |  4- 6 |  7- 9 || total
-------------------------+-------+-------+-------++-------
Melee: Club              |    12 |       |       ||    12
       Kick              |    16 |    23 |    59 ||    98
       Unarmed           |     1 |       |       ||     1
       Dagger            |    63 |   116 |   204 ||   383
       Peck              |     9 |    12 |    29 ||    50
       Spear             |       |       |    40 ||    40
Throw: Javelin           |       |     1 |     1 ||     2
 Cast: Summon Small Mamm |    14 |       |       ||    14
       Call Imp          |     5 |    25 |    78 ||   108
       Summon Guardian G |       |       |    18 ||    18
       Summon Lightning  |       |       |     5 ||     5
 Abil: Fly               |       |       |     2 ||     2
  Use: Scroll            |     3 |     5 |    15 ||    23
       Potion            |       |     2 |     7 ||     9
 Stab: Sleeping          |     2 |     4 |     6 ||    12
       Distracted        |       |     1 |     3 ||     4
  Eat: Chunk             |     3 |     4 |     5 ||    12
       Meat ration       |       |     1 |     1 ||     2
       Bread ration      |       |       |     2 ||     2
       Fruit             |       |       |     2 ||     2
Armor: Robe              |    20 |    32 |    87 ||   139
Dodge: Dodged            |    60 |    68 |   201 ||   329
